 Dungeon Crawl Stone Soup version 0.28.0-53-g5a82cb258f (webtiles) character file.

Game seed: 11325368650761454238

1499 Tirrikindir the Slasher (level 8, -9/54 HPs)
             Began as an Octopode Fighter on Aug 15, 2022.
             Was an Elder of Nemelex Xobeh.
             Mangled by a manticore (17 damage)
             ... on level 6 of the Dungeon.
             The game lasted 00:12:55 (5708 turns).

Tirrikindir the Slasher (Octopode Fighter)          Turns: 5708, Time: 00:12:56

Health: -9/54      AC:  1    Str: 15      XL:     8   Next: 81%
Magic:  20/20      EV: 14    Int:  8      God:    Nemelex Xobeh [****..]
Gold:   277        SH:  6    Dex: 13 (14) Spells: 7/7 levels left

rFire   . . .      SeeInvis .   c - +2 falchion (vamp)
rCold   . . .      Faith    .   b - +1 buckler
rNeg    + . .      Spirit   .   (helmet restricted)
rPois   .          Reflect  .   (no amulet)
rElec   +          Harm     .   d - ring of magical power
rCorr   .          Rampage  .   f - ring of positive energy
Will    .....                   (no ring)
Stlth   ++++......              (no ring)
HPRegen 0.18/turn               (no ring)
MPRegen 0.17/turn               (no ring)
                                (no ring)
                                (no ring)

@: no status effects
A: almost no armour, amphibious, 8 rings, camouflage 1, gelatinous body 1,
(nimble swimmer 1), tentacles, deterioration 1, dopey 1, electricity resistance,
MP-powered wands
a: Renounce Religion, Draw Escape, Draw Destruction, Draw Summoning, Triple
Draw, Deal Four


You were on level 6 of the Dungeon.
You worshipped Nemelex Xobeh.
Nemelex Xobeh was greatly pleased with you.
You visited 2 branches of the dungeon, and saw 7 of its levels.

You collected 277 gold pieces.

Inventory:

Hand Weapons
 c - a +2 vampiric falchion (weapon)
 e - a +0 short sword of flaming
Armour
 b - a +1 buckler (worn)
Jewellery
 d - a ring of magical power (left tentacle)
 f - a ring of positive energy (right tentacle)
Wands
 o - a wand of flame (6)
Scrolls
 h - 2 scrolls of vulnerability
 i - a scroll of fog
 j - 2 scrolls of enchant armour
 k - 2 scrolls of teleportation
 p - a scroll of summoning {unknown}
Potions
 a - a potion of curing {unknown}
 g - a potion of heal wounds
 l - 2 potions of haste {unknown}
 m - 2 potions of flight
 n - a potion of degeneration {unknown}
 q - a potion of resistance {unknown}


   Skills:
 + Level 4.1 Fighting
 * Level 7.5 Long Blades
 + Level 4.1 Dodging
 - Level 6.0 Stealth
 + Level 4.1 Shields
 + Level 4.1 Invocations
 + Level 0.6 Evocations


You had 7 spell levels left.
You didn't know any spells.
Your spell library contained the following spells:

 Spells                   Type           Power      Damage    Failure   Level
 Freeze                   Ice            0%         1d3       50%         1
 Magic Dart               Conj           0%         1d3       50%         1
 Searing Ray              Conj           0%         2d4       63%         2
 Frozen Ramparts          Ice            0%         1d2       86%         3
 Tukima's Dance           Hex            0%         N/A       86%         3
 Anguish                  Hex/Necr       0%         N/A       99%         4
 Fulminant Prism          Conj/Hex       0%         3d6       99%         4
 Hailstorm                Conj/Ice       0%         3d3       99%         4
 Enfeeble                 Hex            0%         N/A       100%        7


Dungeon Overview and Level Annotations

Branches:
Dungeon (6/15)             Temple (1/1) D:4

Altars:
Ashenzari
Cheibriados
Dithmenos
Elyvilon
Fedhas
Gozag
Hepliaklqana
Makhleb
Nemelex Xobeh
Okawaru
Qazlal
Ru
Sif Muna
Uskayaw
Xom
Yredelemnul
Zin
The Shining One


Innate Abilities, Weirdness & Mutations

You cannot wear most types of armour.
You are amphibious.
You can wear up to eight rings at the same time.
Your skin changes colour to match your surroundings (Stealth+).
Your rubbery body absorbs attacks. (AC +1, EV +1)
((You are camouflaged when in or above water. (Stealth+)))
You have tentacles for arms and can constrict up to eight enemies at once.
Your body sometimes deteriorates upon taking damage.
You are dopey. (Int -2)
You are resistant to electric shocks. (rElec)
You expend magic power (3 MP) to strengthen your wands.


Message History

You kill the black bear!
You feel your strength returning.
You now have 277 gold pieces (gained 7).
HP restored.
A bullfrog zombie and a manticore come into view.
Found 3 boomerangs.
Found a leather armour.
The manticore flicks its tail.
You block the volley of spikes. You block the manticore's attack.
The manticore misses you. The manticore closely misses you.
You hit the manticore.
The manticore is lightly wounded.
The manticore closely misses you. You block the manticore's attack. x2
You hit the manticore but do no damage. You squeeze the manticore!
The manticore is lightly wounded.
The bullfrog zombie closely misses you. The manticore bites you.
The manticore closely misses you. x2
You slash the manticore!
You feel better.
You squeeze the manticore.
The manticore is moderately wounded.
The bullfrog zombie misses you. The manticore closely misses you.
The manticore claws you! The manticore claws you.
Activating: Draw Destruction
Press: ? - help, Q - select action, (/) - cycle Dir - look around, f - activate Look: a manticore (moderately wounded)
You draw a card...
You have drawn Wild Magic.
The manticore is blasted with sand.
The bullfrog zombie seems to dim momentarily.
The bullfrog zombie completely resists.
You feel a surge of magic. The bullfrog zombie hits you.
The manticore bites you!
Your body deteriorates!
You feel clumsy. The manticore claws you. The manticore claws you!
* * * LOW HITPOINT WARNING * * *
The bullfrog zombie hits you.
* * * LOW HITPOINT WARNING * * *
You draw a card...
You have drawn the Cloud.
Clouds appear around you! The bullfrog zombie barely misses you.
The manticore bites you!
You die...
Your body glows with a rainbow of weird colours and disappears.

..#.# ....+ #.#.##....#
#.# .....#....# #.#
##........# #.#
#..>......# #.#
#.........# #.########
#.........# ##§#§.....#
##........# ##.§Z§§.....
##....#######..§@H§.....
.....## #......§§§.....
....## #.##.###(.....#
##..# #.##.# ......#
.#..# #.##.# ......#
.#..######.##.# ..[...#
.#............# ......#
.#.#######.#### #######
##.........#


You could see a manticore and a bullfrog zombie.

Vanquished Creatures
  Grinder (D:5)
  Sigmund (D:5)
  Eustachio (D:5)
  2 ice beasts
  2 black bears
  A phantom (D:4)
  2 scorpions (D:5)
  A wyvern skeleton (D:5)
  A gnoll shaman (D:5)
  A hound (D:4)
  2 jellies (D:2)
  A centaur skeleton (D:4)
  An iguana (D:6)
  A killer bee zombie (D:6)
  A hound skeleton (D:5)
  A howler monkey skeleton (D:5)
  2 adders
  3 gnolls (D:5)
  A river rat (D:2)
  A white imp (D:5)
  2 ufetubi
  An adder skeleton (D:4)
  3 dart slugs
  9 orcs
  7 ball pythons
  18 endoplasms
  5 giant cockroaches
  7 goblins
  8 hobgoblins
  4 jackals
  14 kobolds
  3 quokkas
  3 bats
  4 frilled lizards
  6 rats
121 creatures vanquished.

Vanquished Creatures (others)
  8 fungi
  40 plants
  7 toadstools (D:2)
55 creatures vanquished.

Grand Total: 176 creatures vanquished

Notes
Turn   | Place    | Note
-------+----------+-------------------------------------------
     0 | D:1      | Tirrikindir the Octopode Fighter began the quest for the
                  | Orb.
     0 | D:1      | Reached XP level 1. HP: 16/16 MP: 1/1
   521 | D:1      | Reached XP level 2. HP: 19/21 MP: 2/2
   543 | D:1      | Reached skill level 1 in Stealth
   803 | D:1      | Found a faded altar of an unknown god.
   810 | D:1      | Prayed at the altar of an unknown god.
   810 | D:1      | Became a worshipper of Nemelex Xobeh the Trickster
   810 | D:1      | Reached * piety under Nemelex Xobeh
   810 | D:1      | Received a gift from Nemelex Xobeh
  1026 | D:1      | Reached XP level 3. HP: 22/26 MP: 3/3
  1280 | D:2      | Gained mutation: Your body sometimes deteriorates upon
                  | taking damage. [potion of mutation]
  1280 | D:2      | Gained mutation: You are dopey. (Int -2) [potion of
                  | mutation]
  1280 | D:2      | Gained mutation: You are resistant to electric shocks.
                  | (rElec) [potion of mutation]
  1280 | D:2      | Gained mutation: You expend magic power (3 MP) to
                  | strengthen your wands. [potion of mutation]
  1566 | D:2      | Reached skill level 3 in Long Blades
  1566 | D:2      | Reached XP level 4. HP: 29/31 MP: 4/4
  1571 | D:2      | Reached skill level 1 in Invocations
  1795 | D:2      | Found a sacrificial altar of Ru.
  1924 | D:2      | Reached XP level 5. HP: 33/36 MP: 5/5
  2521 | D:3      | Reached ** piety under Nemelex Xobeh
  2569 | D:3      | Found a snail-covered altar of Cheibriados.
  2992 | D:3      | Noticed an ice beast
  3006 | D:3      | Killed an ice beast
  3007 | D:3      | Reached XP level 6. HP: 8/42 MP: 7/7
  3318 | D:4      | Reached skill level 4 in Long Blades
  3323 | D:4      | Found a staircase to the Ecumenical Temple.
  3328 | Temple   | Entered the Ecumenical Temple
  3432 | D:4      | Found a blossoming altar of Fedhas.
  3432 | D:4      | Found a glowing golden altar of the Shining One.
  3439 | D:4      | Found a faded altar of an unknown god.
  3441 | D:4      | Found a glowing silver altar of Zin.
  3442 | D:4      | Found a faded altar of an unknown god.
  3534 | D:4      | Received a gift from Nemelex Xobeh
  3542 | D:4      | Noticed a black bear
  3551 | D:4      | Killed a black bear
  3663 | D:4      | Found a sparkling altar of Nemelex Xobeh.
  3675 | D:4      | Reached XP level 7. HP: 47/47 MP: 8/8
  3703 | D:4      | Reached *** piety under Nemelex Xobeh
  4293 | D:5      | Entered Level 5 of the Dungeon
  4491 | D:5      | Reached skill level 5 in Long Blades
  4614 | D:5      | Noticed Sigmund
  4622 | D:5      | Received a gift from Nemelex Xobeh
  4628 | D:5      | Killed Sigmund
  4682 | D:5      | Reached skill level 5 in Stealth
  4682 | D:5      | Reached XP level 8. HP: 54/54 MP: 10/10
  4804 | D:5      | Noticed Eustachio
  4809 | D:5      | Killed Eustachio
  4810 | D:5      | Reached skill level 6 in Long Blades
  4838 | D:5      | Noticed Grinder
  4847 | D:5      | Killed Grinder
  4940 | D:5      | Found a shadowy altar of Dithmenos.
  4999 | D:5      | Found a sacrificial altar of Ru.
  5018 | D:5      | Reached skill level 7 in Long Blades
  5200 | D:5      | Found a broken altar of Ashenzari.
  5432 | D:5      | Received a gift from Nemelex Xobeh
  5623 | D:6      | Reached **** piety under Nemelex Xobeh
  5700 | D:6      | Noticed a manticore
  5708 | D:6      | Mangled by a manticore

Illustrated notes

Levels and vault maps discovered:
D:1:      elethiomel_arrival_infinity_welcomes_careful_drivers, layout_basic,
          dreamdust_ecumenical_altar_angels_and_demons, serial_bayou,
          serial_bayou_lagoon_a, serial_bayou_lagoon_b, serial_bayou_pond_d,
          serial_bayou_ford_a
D:2:      cheibrodos_fertilizer, layout_basic, basic_altar
D:3:      layout_loops_cross, lemuel_tele_altar,
          amcnicky_mini_rare_corridor_liquid
D:4:      layout_basic, chequers_temple_overflow_minitemple,
          mainiacjoe_overflow_paths, minmay_temple_entry_gardened_gates,
          kennysheep_doodads
D:5:      layout_gridville, mainiacjoe_overflow_boulevard,
          evilmike_ruin_ashenzari, mainiacjoe_overflow_surrounded_room,
          uniq_eustachio, uniq_grinder, uniq_sigmund
D:6:      layout_basic
Temple:   cyrus_temple_forest

Skill      XL: |  1  2  3  4  5  6  7  8 |
---------------+-------------------------+-----
Stealth        | 1 2 3 5 6 |  6.0
Long Blades    | 3 4 5 7 |  7.5
Invocations    | 1 2 3 4 |  4.1
Shields        | 4 |  4.1
Dodging        | 4 |  4.1
Fighting       | 4 |  4.1
Evocations     | |  0.6

Action                   |  1- 3 |  4- 6 |  7- 9 || total
-------------------------+-------+-------+-------++-------
Melee: Long sword        |    95 |    92 |    64 ||   251
       Constrict         |    46 |    23 |    25 ||    94
       Tentacles         |    21 |    18 |    32 ||    71
       Punch             |     4 |       |     1 ||     5
       Falchion          |       |       |    32 ||    32
Invok: Draw Destruction  |       |     3 |     1 ||     4
       Draw Escape       |       |       |     1 ||     1
  Use: Scroll            |     2 |     3 |     2 ||     7
       Potion            |     2 |     2 |     1 ||     5
 Stab: Sleeping          |     4 |    10 |     9 ||    23
       Distracted        |       |       |     1 ||     1
Armor: Skin              |     4 |     5 |     3 ||    12
Dodge: Dodged            |    24 |    43 |    64 ||   131
Block: Buckler           |    16 |    16 |    27 ||    59
